SL
HARTFORD WHALERS @ NEW AMSTERDAM REPUBLICS
05/13/2018
 
TOP OF THE 1ST
Hartford Whalers batting - Pitching for New Amsterdam Republics : RHP Joe Ellis
Pitching: RHP Joe Ellis
Batting: LHB Bill Burgess 0-0: Swinging Strike
0-1: SINGLE (Groundball, 4MD)
Batting: LHB Frank Parks 0-0: Foul Ball, location: 2F
0-1: Foul Ball, location: 2F
0-2: Ball
1-2: Foul Ball, location: 2F
1-2: Strikes out swinging
Batting: RHB Tyrone Scott 0-0: Foul Ball, location: 2F
0-1: Ball
1-1: Ball
Throwing error on steal attempt, E2
Bill Burgess to third
2-1: Ball
3-1: Foul Ball, location: 2F
3-2: Strikes out swinging
Batting: LHB Leonardo López 0-0: Ground out 4-3 (Groundball, 4)
Top of the 1st over - 0 run(s), 1 hit(s), 1 error(s), 1 left on base; Hartford 0 - New Amsterdam 0
BOTTOM OF THE 1ST
New Amsterdam Republics batting - Pitching for Hartford Whalers : LHP Jesús Cantú
Pitching: LHP Jesús Cantú
Batting: RHB Fernando López 0-0: Ball
1-0: Called Strike
1-1: Foul Ball, location: 2F
1-2: Strikes out swinging
Batting: RHB Ronald Shelton 0-0: Ball
1-0: Ball
2-0: Called Strike
2-1: Ground out 4-3 (Groundball, 4)
Batting: RHB Porter Martínez 0-0: Foul Ball, location: 2F
0-1: Ball
1-1: Foul Ball, location: 2F
1-2: Ball
2-2: Ball
3-2: Foul Ball, location: 2F
3-2: Strikes out looking
Bottom of the 1st over - 0 run(s), 0 hit(s), 0 error(s), 0 left on base; Hartford 0 - New Amsterdam 0
TOP OF THE 2ND
Hartford Whalers batting - Pitching for New Amsterdam Republics : RHP Joe Ellis
Batting: RHB Mal Green 0-0: Ball
1-0: Swinging Strike
1-1: Called Strike
1-2: Ball
2-2: Ball
3-2: Strikes out looking
Batting: RHB Dave O'Day 0-0: Called Strike
0-1: Ball
1-1: Ball
2-1: Ground out 4-3 (Groundball, 4)
Batting: LHB César Durán 0-0: Called Strike
0-1: DOUBLE (Flyball, 7LM)
Batting: RHB Dave Farr 0-0: Ball
1-0: Called Strike
1-1: Foul Ball, location: 2F
1-2: Ball
2-2: Fly out, F8 (Flyball, 8LM)
Top of the 2nd over - 0 run(s), 1 hit(s), 0 error(s), 1 left on base; Hartford 0 - New Amsterdam 0
BOTTOM OF THE 2ND
New Amsterdam Republics batting - Pitching for Hartford Whalers : LHP Jesús Cantú
Batting: LHB Steve Ingram 0-0: Ball
1-0: Foul Ball, location: 2F
1-1: Ground out 4-3 (Groundball, 34)
Batting: RHB Doug Reed 0-0: Called Strike
0-1: Ball
1-1: Ball
2-1: Ground out 6-3 (Groundball, 6)
Batting: LHB Ken Norman 0-0: Foul Ball, location: 2F
0-1: Swinging Strike
0-2: Ground out 3-1 (Groundball, 34)
Bottom of the 2nd over - 0 run(s), 0 hit(s), 0 error(s), 0 left on base; Hartford 0 - New Amsterdam 0
TOP OF THE 3RD
Hartford Whalers batting - Pitching for New Amsterdam Republics : RHP Joe Ellis
Batting: LHB Jesús Cantú 0-0: Called Strike
0-1: Ball
1-1: Ball
2-1: Ball
3-1: Base on Balls
Batting: LHB Bill Burgess 0-0: Foul Ball, location: 2F
0-1: Foul Ball, location: 2F
0-2: Ball
1-2: Fly out, F7 (Flyball, 7M)
Batting: LHB Frank Parks 0-0: Called Strike
0-1: Ball
1-1: Called Strike
1-2: Ball
2-2: Strikes out swinging
Batting: RHB Tyrone Scott 0-0: Called Strike
0-1: Ball
1-1: SINGLE (Groundball, 56D)
Jesús Cantú to second
Batting: LHB Leonardo López 0-0: Called Strike
0-1: Ball
1-1: Foul Ball, location: 2F
1-2: Fielders Choice at 2nd, U6 (Groundball, 6M)
Top of the 3rd over - 0 run(s), 1 hit(s), 0 error(s), 2 left on base; Hartford 0 - New Amsterdam 0
BOTTOM OF THE 3RD
New Amsterdam Republics batting - Pitching for Hartford Whalers : LHP Jesús Cantú
Batting: RHB Billy Fitzgerald 0-0: Foul Ball, location: 2F
0-1: Fly out, F4 (Line Drive, 34)
Batting: RHB Carlos Ortega 0-0: Called Strike
0-1: Called Strike
0-2: Strikes out looking
Batting: RHB Joe Ellis 0-0: Ball
1-0: Ball
2-0: Ball
3-0: Base on Balls
Batting: RHB Fernando López 0-0: Ball
1-0: Called Strike
1-1: Swinging Strike
1-2: 2-RUN HOME RUN (Flyball, 7LD), Distance : 348 ft
Batting: RHB Ronald Shelton 0-0: Ball
1-0: Ball
2-0: Ball
3-0: Called Strike
3-1: Fly out, F8 (Flyball, 8RM)
Bottom of the 3rd over - 2 run(s), 1 hit(s), 0 error(s), 0 left on base; Hartford 0 - New Amsterdam 2
TOP OF THE 4TH
Hartford Whalers batting - Pitching for New Amsterdam Republics : RHP Joe Ellis
Batting: RHB Mal Green 0-0: Swinging Strike
0-1: Ground out 5-3 (Groundball, 5)
Batting: RHB Dave O'Day 0-0: Called Strike
0-1: Ball
1-1: Ball
2-1: Ball
3-1: Foul Ball, location: 2F
3-2: Strikes out swinging
Batting: LHB César Durán 0-0: Ball
1-0: Foul Ball, location: 2F
1-1: Called Strike
1-2: Foul Ball, location: 2F
1-2: Ball
2-2: Ball
3-2: Base on Balls
Batting: RHB Dave Farr 0-0: Ball
1-0: Called Strike
1-1: Ball
2-1: Foul Ball, location: 2F
2-2: Ball
3-2: Base on Balls
César Durán to second
Batting: LHB Jesús Cantú 0-0: Fly out, F2 (Popup, 2LF)
Top of the 4th over - 0 run(s), 0 hit(s), 0 error(s), 2 left on base; Hartford 0 - New Amsterdam 2
BOTTOM OF THE 4TH
New Amsterdam Republics batting - Pitching for Hartford Whalers : LHP Jesús Cantú
Batting: RHB Porter Martínez 0-0: Ground out 6-3 (Groundball, 6)
Batting: LHB Steve Ingram 0-0: Ground out 6-3 (Groundball, 6M)
Batting: RHB Doug Reed 0-0: SOLO HOME RUN (Flyball, 78XD), Distance : 433 ft
Batting: LHB Ken Norman 0-0: Ball
1-0: Called Strike
1-1: Ball
2-1: Ball
3-1: Called Strike
3-2: Ground out 2-3 (Groundball, 2L)
Bottom of the 4th over - 1 run(s), 1 hit(s), 0 error(s), 0 left on base; Hartford 0 - New Amsterdam 3
TOP OF THE 5TH
Hartford Whalers batting - Pitching for New Amsterdam Republics : RHP Joe Ellis
Batting: LHB Bill Burgess 0-0: Ball
1-0: Foul Ball, location: 2F
1-1: SINGLE (Line Drive, 34D)
Batting: LHB Frank Parks 0-0: Ball
1-0: Ball
2-0: Called Strike
2-1: Called Strike
2-2: Fly out, F6 (Popup, 6D)
Batting: RHB Tyrone Scott 0-0: Ball
1-0: Called Strike
1-1: Foul Ball, location: 2F
1-2: Ball
2-2: Ball
3-2: Strikes out looking
Batting: LHB Leonardo López 0-0: Ball
1-0: Called Strike
1-1: Foul Ball, location: 2F
1-2: Strikes out swinging
Top of the 5th over - 0 run(s), 1 hit(s), 0 error(s), 1 left on base; Hartford 0 - New Amsterdam 3
BOTTOM OF THE 5TH
New Amsterdam Republics batting - Pitching for Hartford Whalers : LHP Jesús Cantú
Batting: RHB Billy Fitzgerald 0-0: Called Strike
0-1: Called Strike
0-2: SINGLE (Line Drive, 6D)
Batting: RHB Carlos Ortega 0-0: Ball
1-0: Called Strike
1-1: Ball
2-1: Called Strike
2-2: Ball
3-2: Base on Balls
Billy Fitzgerald to second
Batting: RHB Joe Ellis 0-0: Swinging Strike
0-1: Ball
1-1: Ball
2-1: Reached on error, E5 (Groundball, 56S)
Billy Fitzgerald to third
Carlos Ortega to second
Batting: RHB Fernando López 0-0: Called Strike
0-1: Called Strike
0-2: Foul Ball, location: 2F
0-2: SINGLE (Line Drive, 8LS)
Billy Fitzgerald scores
Carlos Ortega to third
Joe Ellis to second
Runner from 3rd tries for Home, throw and OUT!
Batting: RHB Ronald Shelton 0-0: Foul Ball, location: 2F
0-1: Ball
1-1: Ball
Wild Pitch!
Joe Ellis to third
Fernando López to second
2-1: Foul Ball, location: 2F
2-2: Ball
3-2: SINGLE (Line Drive, 4M)
Joe Ellis scores
Fernando López to third
Runner from 3rd tries for Home, throw and OUT!
Ronald Shelton to second
Pitching: RHP Jeff Macías
Batting: RHB Porter Martínez 0-0: Called Strike
0-1: Ball
1-1: Ball
2-1: Fly out, F3 (Popup, 34)
Bottom of the 5th over - 2 run(s), 3 hit(s), 1 error(s), 1 left on base; Hartford 0 - New Amsterdam 5
TOP OF THE 6TH
Hartford Whalers batting - Pitching for New Amsterdam Republics : RHP Joe Ellis
Batting: RHB Mal Green 0-0: Called Strike
0-1: Foul Ball, location: 2F
0-2: Ball
1-2: Ball
2-2: Strikes out looking
Batting: RHB Dave O'Day 0-0: Called Strike
0-1: Swinging Strike
0-2: Ball
1-2: Ball
2-2: Strikes out swinging
Batting: LHB César Durán 0-0: Fly out, F3 (Popup, 3DF)
Top of the 6th over - 0 run(s), 0 hit(s), 0 error(s), 0 left on base; Hartford 0 - New Amsterdam 5
BOTTOM OF THE 6TH
New Amsterdam Republics batting - Pitching for Hartford Whalers : RHP Jeff Macías
Batting: LHB Steve Ingram 0-0: Foul Ball, location: 2F
0-1: Ball
1-1: Called Strike
1-2: Reached on error, E4 (Groundball, 4)
Batting: RHB Doug Reed 0-0: Ball
1-0: Called Strike
1-1: Called Strike
1-2: 2-RUN HOME RUN (Flyball, 78XD), Distance : 431 ft
Batting: LHB Ken Norman 0-0: Called Strike
0-1: Called Strike
0-2: Ball
1-2: Ball
2-2: Ground out 4-3 (Groundball, 4)
Batting: RHB Billy Fitzgerald 0-0: Ball
1-0: Foul Ball, location: 2F
1-1: Ball
2-1: Ball
3-1: Foul Ball, location: 2F
3-2: SINGLE (Line Drive, 8LS)
Batting: RHB Carlos Ortega 0-0: Ball
1-0: Called Strike
1-1: Ball
2-1: Ball
3-1: Swinging Strike
3-2: Strikes out swinging
Pinch Hitting: RHB José Ramírez 0-0: Ball
1-0: Called Strike
Single, Error in OF, E8, batter to second base
Billy Fitzgerald to third
Batting: RHB Fernando López 0-0: Ball
1-0: Ball
2-0: Called Strike
2-1: Ball
3-1: Fly out, F7 (Flyball, 7M)
Bottom of the 6th over - 2 run(s), 3 hit(s), 2 error(s), 2 left on base; Hartford 0 - New Amsterdam 7
TOP OF THE 7TH
Hartford Whalers batting - Pitching for New Amsterdam Republics : RHP Joe Ellis
Pitching: RHP Decheng Sun
Now at 1B: Arturo Acosta
Batting: RHB Dave Farr 0-0: Called Strike
0-1: Ball
1-1: Called Strike
1-2: Foul Ball, location: 2F
1-2: Ball
2-2: Foul Ball, location: 2F
2-2: Foul Ball, location: 2F
2-2: Ball
3-2: Ground out 5-3 (Groundball, 56)
Pinch Hitting: RHB Félix Rodríguez 0-0: DOUBLE (Flyball, 89D)
Batting: LHB Bill Burgess 0-0: Swinging Strike
0-1: Ball
1-1: Ball
2-1: Foul Ball, location: 2F
2-2: Strikes out swinging
Batting: LHB Frank Parks 0-0: Swinging Strike
0-1: Ball
1-1: Called Strike
1-2: Foul Ball, location: 2F
1-2: Foul Ball, location: 2F
1-2: Strikes out swinging
Top of the 7th over - 0 run(s), 1 hit(s), 0 error(s), 1 left on base; Hartford 0 - New Amsterdam 7
BOTTOM OF THE 7TH
New Amsterdam Republics batting - Pitching for Hartford Whalers : RHP Jeff Macías
Pitching: LHP Tony Cherena
Batting: RHB Ronald Shelton 0-0: Called Strike
0-1: Foul Ball, location: 2F
0-2: Ground out 4-3 (Groundball, 34)
Batting: RHB Porter Martínez 0-0: Ball
1-0: Foul Ball, location: 2F
1-1: Foul Ball, location: 2F
1-2: Ball
2-2: Foul Ball, location: 2F
2-2: Foul Ball, location: 2F
2-2: Fly out, F8 (Flyball, 89D)
Batting: LHB Steve Ingram 0-0: Called Strike
0-1: Foul Ball, location: 2F
0-2: Foul Ball, location: 2F
0-2: Strikes out swinging
Bottom of the 7th over - 0 run(s), 0 hit(s), 0 error(s), 0 left on base; Hartford 0 - New Amsterdam 7
TOP OF THE 8TH
Hartford Whalers batting - Pitching for New Amsterdam Republics : RHP Decheng Sun
Batting: RHB Tyrone Scott 0-0: Ball
1-0: Called Strike
1-1: Foul Ball, location: 2F
1-2: Ground out 5-3 (Groundball, 56)
Batting: LHB Leonardo López 0-0: Ground out 3-1 (Groundball, 34)
Batting: RHB Mal Green 0-0: Ground out 5-3 (Groundball, 5)
Top of the 8th over - 0 run(s), 0 hit(s), 0 error(s), 0 left on base; Hartford 0 - New Amsterdam 7
BOTTOM OF THE 8TH
New Amsterdam Republics batting - Pitching for Hartford Whalers : LHP Tony Cherena
Batting: RHB Doug Reed 0-0: Ball
1-0: Ball
2-0: Foul Ball, location: 2F
2-1: Ball
3-1: Base on Balls
Batting: LHB Ken Norman 0-0: Grounds into double play, 4-6-3 (Groundball, 34)
Batting: RHB Billy Fitzgerald 0-0: Ground out 6-3 (Groundball, 6)
Bottom of the 8th over - 0 run(s), 0 hit(s), 0 error(s), 0 left on base; Hartford 0 - New Amsterdam 7
TOP OF THE 9TH
Hartford Whalers batting - Pitching for New Amsterdam Republics : RHP Decheng Sun
Batting: RHB Dave O'Day 0-0: Called Strike
0-1: Swinging Strike
0-2: Ball
1-2: Foul Ball, location: 2F
1-2: Foul Ball, location: 2F
1-2: Ball
2-2: Ball
3-2: Strikes out swinging
Pitching: RHP Albert Emery
Batting: LHB César Durán 0-0: Ball
1-0: Ball
2-0: Ball
3-0: Foul Ball, location: 2F
3-1: Fly out, F8 (Flyball, 8RXD)
Batting: RHB Dave Farr 0-0: Ball
1-0: Ball
2-0: Ball
3-0: Base on Balls
Pinch Hitting: RHB Mike McDonald 0-0: Reached on error, E4 (Groundball, 4)
Dave Farr to second
Batting: LHB Bill Burgess 0-0: Ball
1-0: Foul Ball, location: 2F
1-1: Fielders Choice at 2nd, U6 (Groundball, 6M)
Top of the 9th over - 0 run(s), 0 hit(s), 1 error(s), 2 left on base; Hartford 0 - New Amsterdam 7
This league is powered by Out of the Park Baseball, the baseball management simulation game for PC, Mac and Linux
Monday, May 4th, 2015 - OOTP Baseball 15.6 Build 34